cohdb
Replays
Latest Replays
All Replays
Popular Replays
Top Player Replays
Match Explorer
How It Works
Community
CoH3 Stats
Reddit
Sign in to upload your games and track your stats! →
Sign in with Steam
Match 46986855
Unlisted
Match 46986855
Overview
Messages
Build Orders
End
250 Light Carrier
Panzergrenadier Squad
Panzergrenadier Squad
Construct Light Support Kompanie
MG34 Team
2.5-tonne Medical Truck
Fire Support Elements
2.5-tonne Medical Truck
Pak 38 Mechanized Group
Panzergrenadier Squad
Construct Panzerarmee Kommand
Pak 38 Anti-tank Gun Team
Panzergrenadier Squad
Panzer III L Medium Tank
Assault Grenadier Squad
2.5-tonne Medical Truck
AI Takeover
ulT1Mate
Pizzeria
Lalo
kuenhei126
Jm200092
Tico
Jordon_S-aints
asfgdfgs
0
0
Comments
sign in to comment!
No comments posted yet!